 Dungeon Crawl Stone Soup version 0.17.0-24-gcfadda4 (webtiles) character file.

380 Raultor the Changer (level 6, -4/38 HPs)
             Began as an Octopode Transmuter on Nov 17, 2015.
             Was an Initiate of Makhleb.
             Slain by a sky beast (5 damage)
             ... on level 5 of the Dungeon.
             The game lasted 00:13:43 (4412 turns).

Raultor the Changer (Octopode Transmuter)           Turns: 4412, Time: 00:13:43

Health: -4/38      AC:  1    Str:  9    XL:     6   Next: 75%
Magic:  9/9        EV: 12    Int: 15    God:    Makhleb [......]
Gold:   281        SH:  0    Dex: 15    Spells: 2 memorised, 6 levels left

rFire  . . .     SeeInvis .     k - +3 short sword
rCold  . . .     Clarity  .     (no shield)
rNeg   . . .     SustAt   +     (helmet restricted)
rPois  .         Gourm    .     m - amulet of regeneration
rElec  .         Spirit   .     j - ring of sustain attributes
rCorr  .         Warding  .     (no ring)
rMut   .         Stasis   .     (no ring)
MR     .....                    (no ring)
Stlth  ++........               (no ring)
                                (no ring)
                                (no ring)
                                (no ring)

@: not resistant to hostile enchantments, unstealthy
A: almost no armour, amphibious, 8 rings, constrict 8, camouflage 1, gelatinous
body 1
a: Renounce Religion


You were on level 5 of the Dungeon.
You worshipped Makhleb.
Makhleb was noncommittal.
You were not hungry.

You visited 2 branches of the dungeon, and saw 6 of its levels.

You collected 281 gold pieces.

Inventory:

Hand Weapons
 k - a +3 short sword (weapon)
Missiles
 a - 105 arrows
 t - a throwing net (quivered)
Magical Staves
 e - an uncursed staff of conjuration
Jewellery
 j - a ring of sustain attributes (left tentacle)
 m - an amulet of regeneration (around mantle)
Wands
 w - a wand of confusion (17)
Scrolls
 d - 2 scrolls of teleportation {unknown}
 g - 4 scrolls of enchant weapon {unknown}
 h - a scroll of random uselessness {unknown}
 o - a scroll of immolation {unknown}
 p - a scroll of blinking {unknown}
 q - 3 scrolls of noise {unknown}
 u - 2 scrolls of remove curse {unknown}
 x - 5 scrolls of identify {unknown}
Potions
 f - a potion of degeneration {unknown}
 i - a potion of lignification {unknown}
 r - 3 potions of poison {unknown}
 v - 2 potions of haste
 z - a potion of cure mutation {unknown}
 A - a potion of curing
 B - 2 potions of might {unknown}
 C - a potion of flight {unknown}
 D - a potion of cancellation {unknown}
Books
 b - a book of Changes

   Spells                             Type                      Level
   a - Beastly Appendage              Transmutation                1
   b - Sticks to Snakes               Transmutation                2
   c - Spider Form                    Transmutation/Poison         3
   d - Ice Form                       Ice/Transmutation            4
   e - Blade Hands                    Transmutation                5
 s - a book of Frost

   Spells                             Type                      Level
   a - Freeze                         Ice                          1
   b - Throw Frost                    Conjuration/Ice              2
   c - Ozocubu's Armour               Charms/Ice                   3
   d - Throw Icicle                   Conjuration/Ice              4
   e - Summon Ice Beast               Ice/Summoning                4
   f - Condensation Shield            Ice                          4
Comestibles
 c - 5 bread rations
 n - 3 beef jerkies


   Skills:
 - Level 1.0 Fighting
 - Level 2.0 Dodging
 - Level 4.4 Unarmed Combat
 - Level 2.0 Spellcasting
 * Level 6.1 Transmutations


You had 6 spell levels left.
You knew the following spells:

 Your Spells              Type           Power        Failure   Level  Hunger
a - Beastly Appendage     Trmt           ###...       1%          1    #......
b - Sticks to Snakes      Trmt           ###.......   2%          2    ###....


Dungeon Overview and Level Annotations

Branches:
Dungeon (5/15)             Temple (1/1) D:4

Altars:
Ashenzari
Cheibriados
Elyvilon
Fedhas
Gozag
Kikubaaqudgha
Makhleb
Nemelex Xobeh
Okawaru
Ru
Sif Muna
Trog
Vehumet
Xom
Yredelemnul
Zin
The Shining One

Annotations:
D:5 Sigmund


Innate Abilities, Weirdness & Mutations

You cannot wear most types of armour.
You are amphibious.
You can wear up to eight rings at the same time.
You can use your tentacles to constrict eight enemies at once.
Your skin changes colour to match your surroundings (Stealth).
Your rubbery body absorbs attacks (AC +1).


Message History

The sky beast is almost dead.
The sky beast hits you.
* * * LOW HITPOINT WARNING * * *
The sky beast shocks you.
* * * LOW HITPOINT WARNING * * *
Drink which item? (? for menu, Esc to quit)
You feel much better. The sky beast hits you. The sky beast shocks you.
You hit the sky beast.
The sky beast is almost dead.
The sky beast flickers out of sight!
Deactivating autopickup; reactivate with Ctrl-A.
Something hits you. Something shocks you.
You barely miss something. Something hits you.
* * * LOW HITPOINT WARNING * * *
Something shocks you.
* * * LOW HITPOINT WARNING * * *
You miss something. Something hits you.
* * * LOW HITPOINT WARNING * * *
Something shocks you.
You die...

#(.<......# #.#
#......... #...#####.#
#.# #.#######. #####
#.# #.# #.# #. #.#
#.######.# #. #.#
#.......># #. #.#
###...##.# #. #.#
#.....[.# #.
#.######...##.#######.
#....@{...###.≈.......
########### ##########


There were no monsters in sight!

Vanquished Creatures
  A phantom (D:4)
  A hound (D:4)
  An iguana (D:5)
  Terence (D:3)
  Natasha (twice) (D:2)
  3 worker ants (D:4)
  5 adders
  2 worms
  A giant gecko (D:4)
  3 orcs
  3 giant cockroaches
  13 goblins
  3 hobgoblins
  4 jackals (D:5)
  6 kobolds
  2 quokkas
  4 giant newts
  3 rats
58 creatures vanquished.

Vanquished Creatures (collateral kills)
  Jessica (D:3)
  A bat (D:3)
  A goblin (D:3)
3 creatures vanquished.

Grand Total: 61 creatures vanquished

Notes
Turn   | Place    | Note
--------------------------------------------------------------
     0 | D:1      | Raultor the Octopode Transmuter began the quest for the Orb.
     0 | D:1      | Reached XP level 1. HP: 13/13 MP: 3/3
   290 | D:1      | Reached XP level 2. HP: 16/18 MP: 5/5
   643 | D:2      | Noticed Natasha
   851 | D:2      | Reached XP level 3. HP: 17/23 MP: 6/6
  1072 | D:2      | Killed Natasha
  1072 | D:2      | Reached skill level 4 in Unarmed Combat
  1170 | D:2      | Reached XP level 4. HP: 2/28 MP: 7/7
  1178 | D:2      | Noticed Natasha
  1191 | D:2      | Killed Natasha
  1611 | D:3      | Noticed Jessica
  1688 | D:3      | Learned a level 2 spell: Sticks to Snakes
  1694 | D:3      | Noticed Terence
  1696 | D:3      | Killed Jessica
  1712 | D:3      | Killed Terence
  1712 | D:3      | Reached XP level 5. HP: 7/33 MP: 1/8
  2482 | D:4      | Noticed a phantom
  2544 | D:4      | Killed a phantom
  2544 | D:4      | Reached skill level 5 in Transmutations
  2544 | D:4      | Reached XP level 6. HP: 32/38 MP: 9/9
  3014 | D:4      | Found a staircase to the Ecumenical Temple.
  3020 | Temple   | Entered the Ecumenical Temple
  3199 | Temple   | Became a worshipper of Makhleb the Destroyer
  3662 | D:5      | Entered Level 5 of the Dungeon
  3676 | D:5      | Reached skill level 6 in Transmutations
  4072 | D:5      | Noticed Sigmund
  4228 | D:5      | Found an iron altar of Okawaru.
  4412 | D:5      | HP: 1/38 [something (4)]
  4412 | D:5      | Slain by a sky beast

Action                   |  1- 3 |  4- 6 || total
-------------------------+-------+-------++-------
Melee: Unarmed           |    24 |    11 ||    35
       Short sword       |    18 |   147 ||   165
 Cast: Sticks to Snakes  |       |     6 ||     6
       Beastly Appendage |       |     1 ||     1
Evoke: Wand              |       |     1 ||     1
  Use: Potion            |       |     8 ||     8
 Stab: Sleeping          |     3 |     5 ||     8
       Distracted        |       |     1 ||     1
  Eat: Chunk             |       |     6 ||     6
       Fruit             |       |     2 ||     2
       Meat ration       |       |     1 ||     1
